 Dungeon Crawl Stone Soup version 0.30-a0-779-g7971cf19c3 (webtiles) character file.

Game seed: 9480297464570155951

524 Orangeyouglad the Trooper (level 7, -3/55 HPs)
             Began as a Human Monk on Feb 18, 2023.
             Was a High Priest of Zin.
             Slain by a sky beast (6 damage)
             ... on level 6 of the Dungeon.
             The game lasted 00:12:11 (4903 turns).

Orangeyouglad the Trooper (Human Monk)              Turns: 4903, Time: 00:12:11

Health: -3/55      AC:  4    Str: 14    XL:     7   Next: 46%
Magic:  10/10      EV: 14    Int: 10    God:    Zin [*****.]
Gold:   397        SH:  0    Dex: 15    Spells: 10/10 levels left

rFire   . . .      SeeInvis .    k - +0 quarterstaff
rCold   . . .      Faith    .    (shield currently unavailable)
rNeg    + . .      Spirit   .    p - +2 robe {rN+}
rPois   .          Reflect  .    (no helmet)
rElec   .          Harm     .    (no cloak)
rCorr   .          Rampage  .    (no gloves)
Will    .....                    (no boots)
Stlth   ++                       (no amulet)
HPRegen 0.29/turn                (no ring)
MPRegen 0.12/turn                (no ring)

@: about to teleport
A: no striking features
a: Renounce Religion, Recite, Vitalisation, Imprison, Sanctuary, Donate Gold


You were on level 6 of the Dungeon.
You worshipped Zin.
Zin was extremely pleased with you.
You visited 2 branches of the dungeon, and saw 7 of its levels.
You also visited: Sewer.

You collected 441 gold pieces.
You donated 44 gold pieces to Zin.

Inventory:

Hand Weapons
 a - a +0 mace
 k - a +0 quarterstaff (weapon)
Armour
 b - a +0 robe
 n - a +0 ring mail
 p - a +2 robe of positive energy (worn)
 y - a +0 buckler
Magical Staves
 i - a staff of cold
Jewellery
 m - a +6 ring of dexterity
Wands
 f - a wand of roots (5)
Scrolls
 c - 3 scrolls of identify
 e - a scroll of enchant weapon
 g - 4 scrolls of noise
 h - a scroll of magic mapping {unknown}
 j - a scroll of enchant armour
 o - a scroll of blinking {unknown}
 q - a scroll of acquirement {unknown}
 u - a scroll of fear {unknown}
Potions
 d - 2 potions of attraction
 r - a potion of invisibility {unknown}
 s - 2 potions of curing {unknown}
 t - 2 potions of brilliance {unknown}
 v - a potion of flight {unknown}
 x - a potion of resistance {unknown}
 z - a potion of might {unknown}


   Skills:
 + Level 4.5 Fighting
 - Level 3.2(3.7) Maces & Flails
 + Level 2.5(3.3) Staves
 + Level 2.3 Armour
 + Level 4.4 Dodging
 - Level 3.0 Stealth
 - Level 2.0 Spellcasting
 + Level 1.6 Invocations


You had 10 spell levels left.
You didn't know any spells.
Your spell library contained the following spells:

 Spells                   Type           Power      Damage    Failure   Level
 Summon Small Mammal      Summ           4%         N/A       30%         1
 Ensorcelled Hibernation  Hex/Ice        2%         N/A       43%         2
 Call Canine Familiar     Summ           1%         N/A       67%         3
 Spider Form              Tmut/Pois      1%         N/A       67%         3
 Summon Guardian Golem    Hex/Summ       1%         N/A       67%         3
 Anguish                  Hex/Necr       0%         N/A       97%         4


Dungeon Overview and Level Annotations

Branches:
Dungeon (6/15)             Temple (1/1) D:4           Sewer (visited)

Altars:
Ashenzari
Cheibriados
Dithmenos
Elyvilon
Fedhas
Hepliaklqana
Kikubaaqudgha
Makhleb
Nemelex Xobeh
Okawaru
Qazlal
Ru
Trog
Uskayaw
Vehumet
Wu Jian
Xom
Yredelemnul
Zin

Shops:
D:2 *   D:3 =

Annotations:
D:5 Pargi


Message History

Reactivating autopickup.
The sky beast barely misses you.
You hit the sky beast but do no damage.
The sky beast is heavily wounded.
The sky beast barely misses you. The sky beast misses you.
You hit the sky beast but do no damage.
The sky beast is heavily wounded.
The sky beast flickers out of sight!
Deactivating autopickup; reactivate with Ctrl-A.
Something hits you. Something shocks you.
You miss something. Something completely misses you.
You hit something but do no damage. Something hits you but does no damage.
You miss something. Something hits you but does no damage.
You closely miss something. Something hits you. Something shocks you.
You closely miss something. Something hits you. Something shocks you.
You miss something. Something hits you. Something shocks you.
You closely miss something. Something hits you but does no damage.
A sky beast appears from thin air!
Reactivating autopickup.
The sky beast barely misses you.
You sock the sky beast!
The sky beast is severely wounded.
The sky beast hits you. The sky beast shocks you.
* * * LOW HITPOINT WARNING * * *
You hit the sky beast but do no damage.
The sky beast is severely wounded.
The sky beast completely misses you.
You hit the sky beast but do no damage.
The sky beast is severely wounded.
The sky beast hits you.
* * * LOW HITPOINT WARNING * * *
The sky beast shocks you.
* * * LOW HITPOINT WARNING * * *
A bullfrog comes into view.
Okay, then.
As you read the scroll of teleportation, it crumbles to dust.
You feel strangely unstable. The sky beast hits you.
* * * LOW HITPOINT WARNING * * *
The sky beast shocks you.
You die...

## . .# F.
..# ... ..##
.... ....
#...####..#
#........##
#....@....#
##...Y.......
#.........#.#
#........##
........((#
#.........##
#.........#
#..###....#


You could see a sky beast and a bullfrog (wandering).

Vanquished Creatures
  2 ogres
  A jelly (D:5)
  Jessica (D:2)
  Ijyb (D:3)
  3 orc wizards
  6 adders
  2 river rats (D:5)
  A shadow imp (D:5)
  3 worms (D:2)
  2 dart slugs
  9 orcs
  10 ball pythons
  6 endoplasms
  8 giant cockroaches
  4 goblins
  9 hobgoblins
  4 jackals
  2 quokkas
  7 bats
  2 frilled lizards (D:1)
  13 kobolds
  11 rats
107 creatures vanquished.

Vanquished Creatures (others)
  3 fungi (D:5)
  4 toadstools (D:5)
7 creatures vanquished.

Grand Total: 114 creatures vanquished

Notes
Turn   | Place    | Note
-------+----------+-------------------------------------------
     0 | D:1      | Orangeyouglad the Human Monk began the quest for the Orb.
     0 | D:1      | Reached XP level 1. HP: 18/18 MP: 1/1
   160 | D:1      | Reached XP level 2. HP: 24/24 MP: 2/2
   441 | D:1      | Reached XP level 3. HP: 27/29 MP: 3/3
   975 | D:2      | Reached XP level 4. HP: 35/35 MP: 4/4
  1022 | D:2      | Found Amnit's General Store.
  1059 | D:2      | Noticed Jessica
  1076 | D:2      | Killed Jessica
  1077 | D:2      | Reached skill level 1 in Spellcasting
  1493 | D:3      | Found a large runed translucent door.
  1494 | D:3      | Found a large runed translucent door.
  1546 | D:3      | Reached XP level 5. HP: 26/41 MP: 6/6
  1763 | D:3      | Reached skill level 1 in Staves
  1856 | D:3      | Noticed Ijyb
  1873 | D:3      | Killed Ijyb
  2030 | D:3      | Found Withrutra's One-of-a-Kind Rings.
  2234 | D:3      | Found a sparkling altar of Nemelex Xobeh.
  2258 | D:3      | Found a sacrificial altar of Ru.
  2348 | D:4      | Noticed an ogre
  2366 | D:4      | Killed an ogre
  2367 | D:4      | Reached skill level 1 in Armour
  2367 | D:4      | Reached XP level 6. HP: 48/48 MP: 8/8
  2673 | D:4      | Found a faded altar of an unknown god.
  2673 | D:4      | Found a white marble altar of Elyvilon.
  2680 | D:4      | Found a hazy altar of Hepliaklqana.
  2685 | D:4      | Found a radiant altar of Vehumet.
  2687 | D:4      | Found a shadowy altar of Dithmenos.
  2791 | D:4      | Found a staircase to the Ecumenical Temple.
  2827 | Temple   | Entered the Ecumenical Temple
  2926 | Temple   | Became a worshipper of Zin the Law-Giver
  2926 | Temple   | Reached * piety under Zin
  2926 | Temple   | Reached ** piety under Zin
  3184 | D:5      | Entered Level 5 of the Dungeon
  3207 | D:5      | Reached *** piety under Zin
  3505 | D:5      | Found a glowing drain.
  3517 | Sewer    | Entered a sewer
  3534 | Sewer    | Noticed Pargi
  3997 | D:5      | Noticed an ogre
  4101 | D:5      | Reached **** piety under Zin
  4152 | D:5      | Reached skill level 1 in Invocations
  4152 | D:5      | Reached XP level 7. HP: 51/55 MP: 10/10
  4277 | D:5      | Reached ***** piety under Zin
  4903 | D:6      | Slain by a sky beast

Illustrated notes

Levels and vault maps discovered:
D:1:      elethiomel_arrival_quiet, layout_basic
D:2:      layout_basic, serial_shops, nicolae_shop_crystal, uniq_jessica
D:3:      layout_basic, jmf_multi_god_temple2, nicolae_shop_unique_rings,
          uniq_ijyb
D:4:      layout_rooms, chequers_temple_overflow_minitemple,
          minmay_temple_entry_antechambers
D:5:      layout_gridville, portal_sewer_entry_e, minmay_gold_behind_fungi
D:6:      layout_cave_pools, tgw_sif, mainiacjoe_overflow_boulevard,
          ebering_ghost_disaster_area
Temple:   cyrus_circular_temple

Skill      XL: |  1  2  3  4  5  6  7 |
---------------+----------------------+-----
Spellcasting   | 1 2 |  2.0
Stealth        | 3 |  3.0
Staves         | 1 2 |  2.5
Fighting       | 4 |  4.5
Armour         | 1 2 |  2.3
Dodging        | 4 |  4.4
Invocations    | 1 |  1.6
Maces & Flails | |  3.2

Action                     |  1- 3 |  4- 6 |  7- 9 || total
---------------------------+-------+-------+-------++-------
  Melee: Mace              |    76 |       |       ||    76
         Quarterstaff      |    17 |   237 |    43 ||   297
         Punch             |     1 |       |       ||     1
  Throw: Dart              |       |       |     9 ||     9
 Invoke: Vitalisation      |       |     1 |       ||     1
         Recite            |       |       |     1 ||     1
  Evoke: Wand              |       |    11 |     1 ||    12
    Use: Scroll            |       |     7 |     1 ||     8
         Potion            |       |     3 |     1 ||     4
   Stab: Sleeping          |     9 |     6 |       ||    15
         Invisible         |       |       |     1 ||     1
 Armour: Robe              |    21 |    33 |    13 ||    67
         Ring mail         |       |    62 |       ||    62
  Dodge: Dodged            |    83 |   200 |    22 ||   305

Table legend: (Time is in decaauts)
 A = Elapsed time spent in this place.
 B = Non-inter-level travel time spent in this place.
 C = Inter-level travel time spent in this place.
 D = Time resting spent in this place.
 E = Time spent auto-exploring this place.
 F = Levels seen in this place.
 G = Mean time per level.
                   A        B        C        D        E       F      G
               +--------+--------+--------+--------+--------+-----+--------+
         Total |   4980 |   4803 |    177 |    428 |   2559 |   8 |  622.5 |
       Dungeon |   4588 |   4419 |    169 |    347 |   2521 |   6 |  764.7 |
        Temple |    114 |    106 |      8 |      0 |     38 |   1 |  114.0 |
         Sewer |    276 |    276 |      0 |     81 |      0 |   1 |  276.0 |
               +--------+--------+--------+--------+--------+-----+--------+

Top non-repeatable levels by time:
     D:5: 1325 daAuts
     D:4: 894 daAuts
     D:3: 885 daAuts
     D:2: 745 daAuts
     D:1: 713 daAuts
   Sewer: 276 daAuts
  Temple: 114 daAuts
     D:6: 24 daAuts
